General information
- name: grudge01
- type: Custom game
- host: fineX.
- saver: fineX.
map: TerenasStand
- players: 6
- length: 11:16
- speed: Fast
- version: 1.21 W3XP
- replay type: Public
» download(45 KB)
Players
team 1 (winner)
erz (
blue | 140 APM | 1574 actions | 11:15)
3 Archmage
2 Summon Water Elemental
1 Brilliance Aura
» actions
| Assign group hotkey | 327 | |
| Basic commands | 42 | |
| Build / train | 67 | |
| ESC pressed | 2 | |
| Enter build submenu | 29 | |
| Enter hero's abilities submenu | 3 | |
| Right click | 623 | |
| Select / deselect | 203 | |
| Select group hotkey | 182 | |
| Use ability | 96 | |
1574 total
» units
» upgrades
» buildings
| Altar of Kings | 1 | |
| Barracks | 1 | |
| Farm | 4 | |
| Lumber Mill | 1 | |
| Scout Tower | 15 | |
| Arcane Vault | 2 | |
| Arcane Tower | 1 | |
| Guard Tower | 16 | |
41 total
» build order
00:08 Altar of Kings
00:19 Barracks
00:33 Farm
00:55 Farm
01:45 Farm
03:18 Lumber Mill
03:29 Scout Tower
03:36 Farm
03:50 Scout Tower
04:13 Arcane Vault
04:20 Arcane Tower
05:14 Scout Tower
05:30 Arcane Vault
05:44 Scout Tower
05:45 Scout Tower
05:50 Scout Tower
06:08 Guard Tower
06:08 Guard Tower
06:08 Guard Tower
06:09 Guard Tower
06:17 Guard Tower
06:17 Guard Tower
06:24 Guard Tower
06:45 Scout Tower
06:46 Scout Tower
06:48 Scout Tower
06:52 Guard Tower
07:13 Guard Tower
07:34 Scout Tower
07:34 Scout Tower
08:11 Guard Tower
08:40 Guard Tower
09:02 Guard Tower
09:36 Scout Tower
09:36 Scout Tower
10:15 Guard Tower
» items
| Boots of Speed | 1 | |
| Scroll of Regeneration | 2 | |
| Lesser Clarity Potion | 1 | |
4 total
team 2 (loser)
green-t (
red | 97 APM | 1095 actions | 11:14)
3 Far Seer
2 Feral Spirit
1 Chain Lighting
2 Naga Sea Witch
1 Frost Arrows
1 Forked Lightning
» actions
| Assign group hotkey | 10 | |
| Basic commands | 2 | |
| Build / train | 44 | |
| ESC pressed | 1 | |
| Enter build submenu | 27 | |
| Enter hero's abilities submenu | 6 | |
| Right click | 638 | |
| Select / deselect | 283 | |
| Select group hotkey | 24 | |
| Use ability | 60 | |
1095 total
» units
» upgrades
» buildings
| Altar of Storms | 1 | |
| Orc Burrow | 4 | |
| Barracks | 4 | |
| Stronghold | 4 | |
| Voodoo Lounge | 1 | |
| War Mill | 1 | |
| Watch Tower | 9 | |
24 total
» build order
00:06 Altar of Storms
00:17 Orc Burrow
00:50 Barracks
01:28 Orc Burrow
02:41 Stronghold
02:41 Stronghold
02:41 Stronghold
03:37 Voodoo Lounge
04:19 Orc Burrow
04:50 War Mill
06:08 Watch Tower
06:12 Watch Tower
06:23 Watch Tower
06:43 Orc Burrow
07:19 Watch Tower
07:27 Watch Tower
08:24 Watch Tower
09:11 Watch Tower
09:12 Watch Tower
09:35 Barracks
09:49 Watch Tower
09:58 Barracks
10:36 Barracks
» items
| Potion of Healing | 1 | |
| Lesser Clarity Potion | 1 | |
| Healing Salve | 1 | |
| Scroll of Speed | 1 | |
4 total
refereesfineX.,
butts_lol,
greedoFthenoob,
OMGGOONRUSH Chat log
(00:00) greedoFthenoob: taro last word ^_
(00:13 / All) greedoFthenoob: This game is bought to you by www.highper.ch
(00:18 / All) greedoFthenoob: see this and other pro replays there
(00:19 / All) fineX.: brought noo
(00:20 / All) fineX.: noob
(00:30 / All) greedoFthenoob: ok let the pros play dont bad manner
(00:33 / All) greedoFthenoob: good luck all
(00:35 / All) fineX.: ok sry pros!!
(00:39 / Referees) OMGGOONRUSH: lol
(00:45 / All) OMGGOONRUSH: lol "pros"
(00:45 / Referees) greedoFthenoob: i wonder who will win
(00:47 / Referees) fineX.: noone to say sorry to in here
(00:53 / Referees) fineX.: u see what i did there ^^
(00:59 / Referees) greedoFthenoob: farm
(01:04 / Referees) fineX.: scouty farm so what
(01:09 / Referees) greedoFthenoob: imbalance
(01:13 / All) green-t: i fucked up bo
(01:14 / Referees) butts_lol: you cant grow vegetables there
(01:15 / All) green-t: =[
(01:17 / Referees) fineX.: i think there is little green spot there
(01:22 / Referees) OMGGOONRUSH: lol
(01:25 / All) green-t: fgts gotta keep talking
(01:42 / Referees) fineX.: i watch pro orc player play mb pick up some tips
(01:50 / Referees) greedoFthenoob: first blood
(01:53 / Referees) fineX.: erz wrecking foundations
(02:10 / Referees) fineX.: magis so dead
(02:13 / Referees) fineX.: or not
(02:19 / Referees) fineX.: y feed him pes erz???
(02:31 / Referees) fineX.: creepin w/o hero pro
(02:45 / Referees) fineX.: what was order again.. ts lotem turock?
(02:49 / Referees) butts_lol: i love how the creeps never use purge intelligently
(02:53 / Referees) greedoFthenoob: who cares faggot
(03:01 / Referees) fineX.: im p. sure apprentice wiz dont have purge...
(03:02 / Referees) butts_lol: me
(03:07 / Referees) butts_lol: he just purged that militia
(03:10 / Referees) OMGGOONRUSH: lol tome jack
(03:53 / Referees) fineX.: is green-t also gb
(03:55 / Referees) fineX.: ?
(03:59 / Referees) greedoFthenoob: new jersey
(04:21 / Referees) fineX.: if he made that arc tower earlier maybe that pes wouldnt have DIED
(05:01 / Referees) greedoFthenoob: item worthless
(05:03 / Referees) fineX.: ya just leave item there
(05:12 / Referees) greedoFthenoob: rise of the footsolier
(05:30 / Referees) fineX.: wtf
(05:34 / Referees) fineX.: peon phased thru the footman
(05:37 / Referees) OMGGOONRUSH: offensive towers?
(05:40 / Referees) greedoFthenoob: kitty pride
(06:04 / Referees) fineX.: chain lightning + forked lightning.................
(06:33 / Referees) butts_lol: footmen cold feeding them exp
(07:40 / Referees) greedoFthenoob: wow burrows take like 8 years to build
(08:23 / Referees) fineX.: defended footmens rapes the tower
(08:51 / Referees) greedoFthenoob: he needs that baracks
(08:59 / Referees) fineX.: green-t lose
(08:59 / Referees) butts_lol: fingers crossed for cannon towers this game
(09:59 / Referees) fineX.: what
(10:06 / Referees) fineX.: doesnt he need the wood
(10:20 / Referees) greedoFthenoob: lmao
(10:45 / Referees) greedoFthenoob: gg
(10:48 / All) green-t: gg
(10:49 / Referees) butts_lol: hahahaha
(10:50 / All) green-t: we doing best of 3?
(10:52 / All) erz: sure
(10:54 / All) greedoFthenoob: apparently
(10:57 / All) greedoFthenoob: now that you fell
(10:59 / All) fineX.: next is lotem
(11:04 / All) green-t: fuck that
(11:05 / Referees) butts_lol: this loss brought to you by base design